 Dungeon Crawl Stone Soup version 0.31-a0-765-g67fe2935dc (webtiles) character file.

Game seed: 6802188211956010416

837 Cyric the Vexing (level 7, 47/50 HPs)
             Began as a Demigod Enchanter on Sept 16, 2023.
             Quit the game on level 5 of the Dungeon on Sept 24, 2023.
             The game lasted 00:26:26 (4641 turns).

Cyric the Vexing (Demigod Enchanter)                Turns: 4641, Time: 00:26:27

Health: 47/50      AC:  6    Str:  9    XL:     7   Next: 39%
Magic:  15/15      EV: 12    Int: 25    God:
Gold:   244        SH:  0    Dex: 14    Spells: 4/12 levels left

rFire   . . .        k - +2 dagger (venom)
rCold   . . .        (no shield)
rNeg    + . .        b - +0 robe
rPois   .            (no helmet)
rElec   .            (no cloak)
rCorr   .            A - +0 pair of gloves
SInv    .            D - +2 pair of boots
Will    +....        (no amulet)
Stlth   +++          n - ring of positive energy
HPRegen 0.28/turn    y - ring of willpower
MPRegen 0.14/turn

%: no passive effects
@: no status effects
A: high MP 1, forlorn, divine attributes
a: no special abilities


You were on level 5 of the Dungeon.
You visited 1 branch of the dungeon, and saw 5 of its levels.

You collected 244 gold pieces.

Inventory:

Hand Weapons
 a - a +1 dagger
 d - a +0 short sword
 h - a +0 dagger of speed
 k - a +2 dagger of venom (weapon)
Missiles
 e - 3 poisoned darts
Armour
 b - a +0 robe (worn)
 A - a +0 pair of gloves (worn)
 D - a +2 pair of boots (worn)
Jewellery
 n - a ring of positive energy (left hand)
 s - a ring of wizardry
 y - a ring of willpower (right hand)
 C - an amulet of guardian spirit
Talismans
 j - a flux talisman
Scrolls
 f - a scroll of fog {unknown}
 g - 2 scrolls of identify
 l - a scroll of acquirement {unknown}
 q - 3 scrolls of teleportation {unknown}
 w - 2 scrolls of enchant armour {unknown}
 x - a scroll of enchant weapon {unknown}
 z - a scroll of immolation {unknown}
 B - a scroll of noise {unknown}
Potions
 c - 3 potions of invisibility
 i - a potion of heal wounds {unknown}
 m - 2 potions of magic
 o - a potion of degeneration {unknown}
 p - 4 potions of attraction
 r - 2 potions of brilliance {unknown}
 t - 3 potions of mutation
 u - a potion of lignification {unknown}
 v - a potion of curing {unknown}


   Skills:
 + Level 3.5 Short Blades
 - Level 1.8 Dodging
 + Level 4.7 Stealth
 - Level 3.2 Spellcasting
 * Level 5.7 Hexes
 * Level 1.1 Ice Magic


You had 4 spell levels left.
You knew the following spells:

 Your Spells              Type           Power      Damage    Failure   Level
a - Ensorcelled Hibernat  Hex/Ice        42%        N/A       3%          2
b - Confusing Touch       Hex            32%        N/A       2%          3
c - Tukima's Dance        Hex            32%        N/A       2%          3

Your spell library contained the following spells:

 Spells                   Type           Power      Damage    Failure   Level
 Dazzling Flash           Conj/Hex       36%        N/A       10%         3
 Blink                    Tloc           8%         N/A       16%         2
 Lesser Beckoning         Tloc           8%         N/A       16%         2
 Momentum Strike          Conj/Tloc      8%         3d8       16%         2
 Passage of Golubria      Tloc           4%         N/A       69%         4
 Silence                  Hex/Air        9%         N/A       65%         5
 Haunt                    Necr/Summ      2%         N/A       100%        7
 Borgnjor's Revivificati  Necr           2%         N/A       100%        8
 Lehudib's Crystal Spear  Conj/Erth      2%         10d2      100%        8
 Death's Door             Necr           2%         N/A       100%        9


Dungeon Overview and Level Annotations

Branches:
Dungeon (5/15)
 Temple: D:4-7

Shops:
D:4 *


Innate Abilities, Weirdness & Mutations

You have an increased reservoir of magic. (+10% MP)
You shall have no god before yourself.
Your divine heritage dramatically boosts your attributes as you level up.


Message History

The ufetubus is heavily wounded.
The ufetubus closely misses you. The ufetubus barely misses you.
You barely miss the ufetubus.
The ufetubus is heavily wounded.
The ufetubus hits you.
The ufetubus hits you but does no damage.
You completely miss the ufetubus.
The ufetubus is heavily wounded.
The ufetubus hits you but does no damage.
The ufetubus closely misses you.
You miss the ufetubus.
The ufetubus is heavily wounded.
The ufetubus closely misses you. The ufetubus barely misses you.
The ufetubus hits you.
The ufetubus hits you but does no damage.
You closely miss the ufetubus.
The ufetubus is heavily wounded.
The ufetubus hits you but does no damage.
The ufetubus barely misses you.
You hit the ufetubus but do no damage.
The ufetubus looks as sick as possible!
The ufetubus is heavily wounded.
The ufetubus barely misses you. The ufetubus hits you.
You miss the ufetubus.
The ufetubus is severely wounded.
The ufetubus barely misses you.
The ufetubus hits you but does no damage.
You barely miss the ufetubus.
The ufetubus is severely wounded.
The ufetubus completely misses you.
The ufetubus hits you but does no damage.
You barely miss the ufetubus.
The ufetubus is almost dead.
You kill the ufetubus!
You pick up a book of Spatial Translocations and begin reading...
You add the spells Blink, Momentum Strike and Lesser Beckoning to your library.
You see here a +0 leather armour.
Unknown command.
Welcome back, Cyric the Demigod Enchanter.
Press ? for a list of commands and other information.
Are you sure you want to abandon this character and quit the game? (Confirm with "yes".)

..###..........................
#.###...................)......
#..##..........................
##.....(............###........
#...............<..)# #........
..>................####........
...............................
..............########.........
................@..............
..............................
......##.###.#####............
......##.......# #............
......##)......# ###########..
##..>...# .. #.[....# ########


There were no monsters in sight!

Vanquished Creatures
  Sigmund (D:2)
  An orc warrior (D:4)
  2 black bears
  A scorpion (D:4)
  An orc priest (D:4)
  A hound (D:4)
  Jessica (D:2)
  An iguana (D:4)
  Natasha (thrice) (D:2)
  4 adders
  A shadow imp (D:5)
  2 ufetubi (D:5)
  2 worms
  3 dart slugs
  7 orcs
  6 endoplasms
  6 giant cockroaches
  6 goblins
  6 hobgoblins
  13 jackals
  7 kobolds
  2 quokkas
  5 ball pythons
  5 bats
  3 frilled lizards
  4 rats
94 creatures vanquished.

Vanquished Creatures (collateral kills)
  An orc (D:4)
1 creature vanquished.

Vanquished Creatures (others)
  A dancing weapon (D:2)
1 creature vanquished.

Grand Total: 96 creatures vanquished

Notes
Turn   | Place    | Note
-------+----------+-------------------------------------------
     0 | D:1      | Cyric the Demigod Enchanter began the quest for the Orb.
     0 | D:1      | Reached XP level 1. HP: 14/14 MP: 5/5
    78 | D:1      | Reached skill level 1 in Short Blades
   367 | D:1      | Reached skill level 3 in Hexes
   367 | D:1      | Reached XP level 2. HP: 19/20 MP: 7/7
   373 | D:1      | Learned a level 2 spell: Ensorcelled Hibernation
   460 | D:1      | You fall into a shaft and drop 1 floor!
   994 | D:2      | Reached XP level 3. HP: 13/26 MP: 8/8
  1125 | D:2      | Learned a level 3 spell: Confusing Touch
  1808 | D:2      | Noticed Sigmund
  2217 | D:3      | Reached XP level 4. HP: 33/33 MP: 9/9
  2505 | D:4      | Noticed an orc warrior
  2557 | D:4      | Reached skill level 4 in Hexes
  2647 | D:4      | Reached XP level 5. HP: 33/38 MP: 0/11
  2738 | D:4      | Learned a level 3 spell: Tukima's Dance
  3092 | D:2      | Killed Sigmund
  3093 | D:2      | Reached XP level 6. HP: 43/45 MP: 4/13
  3320 | D:2      | Noticed Jessica
  3324 | D:2      | Killed Jessica
  3457 | D:2      | Noticed Natasha
  3460 | D:2      | Killed Natasha
  3508 | D:2      | Noticed Natasha
  3517 | D:2      | Killed Natasha
  3558 | D:2      | Noticed Natasha
  3568 | D:2      | Killed Natasha
  3632 | D:4      | Reached skill level 5 in Hexes
  4123 | D:4      | Found Moin's Elemental Accessories.
  4172 | D:4      | Reached XP level 7. HP: 17/50 MP: 10/14
  4352 | D:5      | Entered Level 5 of the Dungeon
  4473 | D:5      | Reached skill level 1 in Ice Magic
  4641 | D:5      | Quit the game

Illustrated notes

Levels and vault maps discovered:
D:1:      kilobyte_arrival_exit_the_forest, layout_loops_ring,
          chequers_mini_garden
D:2:      minmay_general_purpose_star, layout_basic, basic_altar,
          minmay_statues_item, uniq_natasha, uniq_sigmund, uniq_jessica
D:3:      layout_rooms
D:4:      layout_rooms, hangedman_feature_mirror,
          hangedman_abyss_or_decor_stagger, nicolae_elemental_shop
D:5:      layout_rooms, grunt_ministairs_11

Skill      XL: |  1  2  3  4  5  6  7 |
---------------+----------------------+-----
Short Blades   | 1 2 3 |  3.5
Hexes          | 3 4 5 |  5.7
Stealth        | 3 4 |  4.7
Spellcasting   | 2 3 |  3.2
Ice Magic      | 1 |  1.1
Dodging        | |  1.8

Action                     |  1- 3 |  4- 6 |  7- 9 || total
---------------------------+-------+-------+-------++-------
  Melee: Dagger            |   116 |   109 |    31 ||   256
         Punch             |       |       |     1 ||     1
   Cast: Ensorcelled Hiber |    13 |    16 |     3 ||    32
         Tukima's Dance    |       |     7 |       ||     7
         Confusing Touch   |       |     1 |       ||     1
    Use: Scroll            |       |     3 |       ||     3
   Stab: Sleeping          |    18 |    11 |     4 ||    33
         Confused          |       |     1 |       ||     1
 Armour: Robe              |    56 |    59 |    25 ||   140
  Dodge: Dodged            |    65 |    74 |    24 ||   163

Table legend: (Time is in decaauts)
 A = Elapsed time spent in this place.
 B = Non-inter-level travel time spent in this place.
 C = Inter-level travel time spent in this place.
 D = Time resting spent in this place.
 E = Time spent auto-exploring this place.
 F = Levels seen in this place.
 G = Mean time per level.
                   A        B        C        D        E       F      G
               +--------+--------+--------+--------+--------+-----+--------+
         Total |   4617 |   4433 |    184 |   1202 |   1859 |   5 |  923.4 |
       Dungeon |   4617 |   4433 |    184 |   1202 |   1859 |   5 |  923.4 |
               +--------+--------+--------+--------+--------+-----+--------+

Top non-repeatable levels by time:
     D:2: 1577 daAuts
     D:1: 1067 daAuts
     D:3: 853 daAuts
     D:4: 834 daAuts
     D:5: 284 daAuts
